 Dungeon Crawl Stone Soup version 0.26-a0-54-g15ccc7a (webtiles) character file.

Game seed: 9988329111034235832

282084 AtlasWard the Lord of Darkness (level 20, -1/172 HPs)
             Began as a Vampire Monk on June 7, 2020.
             Was the Champion of Kikubaaqudgha.
             Slain by a merfolk impaler
             ... wielding a +0 trident
              (28 damage)
             ... on level 4 of the Shoals.
             The game lasted 02:10:51 (59847 turns).

AtlasWard the Lord of Darkness (Vampire Monk)      Turns: 59847, Time: 02:10:51

Health: -1/172     AC: 27    Str: 28    XL:     20   Next: 9%
Magic:  0/32       EV: 12    Int: 18    God:    Kikubaaqudgha [******]
Gold:   847        SH:  8    Dex: 13    Spells: 8/35 levels left

rFire    + + +     SeeInvis +   a - +4 rapier of Big Damage {flame, Dex+3}
rCold    . . .     Gourm    .   Y - +2 buckler
rNeg     + + .     Faith    .   E - +6 plate armour of the Elephant {Regen+ Stlth+}
rPois    +         Spirit   +   g - +0 helmet {Int+3}
rElec    .         Reflect  .   U - +2 cloak {MR+}
rCorr    .         Harm     .   C - +2 pair of gloves
MR       +++..                  s - +0 pair of boots "Meilossoiqa" {*Corrode Str+10 Dex-4 Stlth+}
Stlth    +.........             m - amulet of guardian spirit
HPRegen  0.98/turn              Z - ring "Ysohotum" {Str+2 Slay+4}
MPRegen  0.23/turn              q - ring "Nehaimni" {rPois rF+++ rN++ Dex-3 SInv}

@: very slightly contaminated, regenerating quickly
A: no food, fangs 3, see invisible, unbreathing
}: 1/15 runes: serpentine
a: Exsanguinate, Receive Corpses, Torment, Renounce Religion


You were on level 4 of the Shoals.
You worshipped Kikubaaqudgha.
Kikubaaqudgha was exalted by your worship.
You were alive.

You visited 7 branches of the dungeon, and saw 35 of its levels.
You visited the Abyss 1 time.
You also visited: Ice Cave.

You collected 4414 gold pieces.
You spent 3567 gold pieces at shops.

Inventory:

Hand Weapons
 a - the +4 rapier of Big Damage (weapon) {flame, Dex+3}
   (You found it on level 1 of the Shoals)

   It has been specially enchanted to burn those struck by it, causing extra
   injury to most foes and up to half again as much damage against particularly
   susceptible opponents.
   It affects your dexterity (+3).
 b - the +8 short sword of Patterns {venom, Str+4}
   (You took it off an orc on level 5 of the Dungeon)

   It poisons the flesh of those it strikes.
   It affects your strength (+4).
 c - the +1 long sword "Fuhotwis" {antimagic, rF+ rC+}
   (You bought it in a shop on level 5 of the Dungeon)

   It reduces the magical energy of the wielder, and disrupts the spells and
   magical abilities of those hit.
   Natural abilities and divine invocations are not affected.
   It protects you from fire.
   It protects you from cold.
 z - the +5 short sword of Ecuclu {protect, rElec Int+2 Dex+3}
   (You found it in an ice cave)

   It grants its wielder temporary protection when it strikes (+7 to AC).
   It affects your intelligence (+2).
   It affects your dexterity (+3).
   It insulates you from electricity.
Armour
 g - a +0 helmet of intelligence (worn)
 s - the +0 pair of boots "Meilossoiqa" (worn) {*Corrode Str+10 Dex-4 Stlth+}
   (You found it in an ice cave)

   It affects your strength (+10).
   It affects your dexterity (-4).
   It may corrode you when you take damage.
   It makes you more stealthy.
 u - a +2 kite shield
 C - a +2 pair of gloves (worn)
 E - the +6 plate armour of the Elephant (worn) {Regen+ Stlth+}
   (You found it on level 1 of the Shoals)

   It increases your rate of regeneration.
   It makes you more stealthy.
 U - a +2 cloak of magic resistance (worn)
 Y - a +2 buckler (worn)
Jewellery
 m - an amulet of guardian spirit (around neck)
 q - the ring "Nehaimni" (right hand) {rPois rF+++ rN++ Dex-3 SInv}
   (You bought it in a shop on level 2 of the Elven Halls)

   [ring of see invisible]

   It affects your dexterity (-3).
   It renders you almost immune to fire.
   It protects you from poison.
   It greatly protects you from negative energy.
   It lets you see invisible.
 Z - the ring "Ysohotum" (left hand) {Str+2 Slay+4}
   (You found it in an ice cave)

   [ring of slaying]

   It affects your strength (+2).
   It affects your accuracy and damage with ranged weapons and melee attacks
   (+4).
Wands
 t - a wand of flame (27)
 v - a wand of polymorph (9)
 I - a wand of random effects (16)
 K - a wand of clouds (14)
 M - a wand of iceblast (9)
 R - a wand of acid (33)
 S - a wand of digging (7)
Scrolls
 d - 18 scrolls of remove curse
 f - 14 scrolls of teleportation
 p - a scroll of blinking
 r - 9 scrolls of identify
 w - 3 scrolls of torment
 x - a scroll of silence
 y - 4 scrolls of fog
 B - 5 scrolls of magic mapping
 D - 2 scrolls of enchant armour
 H - 5 scrolls of fear
 O - 2 scrolls of vulnerability
 P - a scroll of brand weapon
 Q - 3 scrolls of immolation
 T - 6 scrolls of enchant weapon
 V - a scroll of acquirement
 X - 6 scrolls of amnesia
Potions
 e - 3 potions of ambrosia
 h - 3 potions of resistance
 i - 6 potions of brilliance
 j - a potion of magic
 k - 7 potions of curing
 l - 5 potions of heal wounds
 n - 2 potions of flight
 o - 3 potions of invisibility
 A - 7 potions of mutation
 F - 5 potions of might
 G - 8 potions of haste
 J - 2 potions of berserk rage
 L - 4 potions of stabbing
 N - 4 potions of cancellation


   Skills:
 + Level 18.8 Fighting
 - Level 12.4(13.8) Short Blades
 - Level 9.7(12.0) Long Blades
 - Level 6.0 Armour
 - Level 10.0 Dodging
 - Level 8.0 Stealth
 + Level 9.3 Shields
 - Level 8.0 Spellcasting
 + Level 7.5 Summonings
 - Level 20.0 Necromancy


You had 8 spell levels left.
You knew the following spells:

 Your Spells              Type           Power        Failure   Level  Hunger
a - Agony                 Necr           ######..     1%          5    N/A
b - Animate Dead          Necr           N/A          1%          4    N/A
c - Vampiric Draining     Necr           ######....   1%          3    N/A
d - Summon Demon          Summ           ####......   77%         5    N/A
e - Pain                  Necr           ####         1%          1    N/A
f - Excruciating Wounds   Chrm/Necr      #####.....   41%         5    N/A
q - Dispel Undead         Necr           ######..     1%          4    N/A

Your spell library contained the following spells:

 Spells                   Type           Power        Failure   Level  Hunger
 Animate Skeleton         Necr           N/A          1%          1    N/A
 Sublimation of Blood     Necr           ######....   1%          2    N/A
 Corpse Rot               Necr/Air       N/A          2%          2    N/A
 Summon Butterflies       Summ           ####....     4%          1    N/A
 Summon Small Mammal      Summ           ####         4%          1    N/A
 Borgnjor's Vile Clutch   Necr/Erth      #####.....   41%         5    N/A
 Recall                   Summ/Tloc      N/A          54%         3    N/A
 Apportation              Tloc           #.....       69%         1    N/A
 Beastly Appendage        Tmut           #.....       69%         1    N/A
 Corona                   Hex            #......      69%         1    N/A
 Foxfire                  Conj/Fire      #...         69%         1    N/A
 Shock                    Conj/Air       #...         69%         1    N/A
 Sting                    Tmut/Pois      #...         69%         1    N/A
 Aura of Abjuration       Summ           ####......   77%         5    N/A
 Ensorcelled Hibernation  Hex/Ice        #.....       83%         2    N/A
 Slow                     Hex            #.......     83%         2    N/A
 Sticks to Snakes         Tmut           #.......     83%         2    N/A
 Swiftness                Chrm/Air       #.......     83%         2    N/A
 Infestation              Necr           ######....   87%         8    N/A
 Simulacrum               Ice/Necr       #####.....   94%         6    N/A
 Confusing Touch          Hex            #.......     96%         3    N/A
 Conjure Flame            Conj/Fire      #.......     96%         3    N/A
 Dazzling Flash           Conj/Hex       #.....       96%         3    N/A
 Inner Flame              Hex/Fire       #.......     96%         3    N/A
 Lesser Beckoning         Tloc           #.........   96%         3    N/A
 Portal Projectile        Hex/Tloc       #.....       96%         3    N/A
 Spider Form              Tmut/Pois      #.........   96%         3    N/A
 Static Discharge         Conj/Air       #.......     96%         3    N/A
 Stone Arrow              Conj/Erth      #.....       96%         3    N/A
 Tukima's Dance           Hex            #.......     96%         3    N/A
 Haunt                    Necr/Summ      ######....   96%         7    N/A
 Summon Forest            Summ/Tloc      ###.......   99%         5    N/A
 Summon Mana Viper        Hex/Summ       ###.....     99%         5    N/A
 Airstrike                Air            #.........   100%        4    N/A
 Cause Fear               Hex            #.........   100%        4    N/A
 Ice Form                 Ice/Tmut       #.......     100%        4    N/A
 Iskenderun's Mystic Bla  Conj/Tloc      #.......     100%        4    N/A
 Leda's Liquefaction      Hex/Erth       #.........   100%        4    N/A
 Olgreb's Toxic Radiance  Pois           #.......     100%        4    N/A
 Sticky Flame             Conj/Fire      #.......     100%        4    N/A
 Alistair's Intoxication  Tmut/Pois      #.......     100%        5    N/A
 Blade Hands              Tmut           #.........   100%        5    N/A
 Bolt of Magma            Conj/Fire/Erth #.........   100%        5    N/A
 Fireball                 Conj/Fire      #.........   100%        5    N/A
 Lightning Bolt           Conj/Air       #.........   100%        5    N/A
 Metabolic Englaciation   Hex/Ice        #.........   100%        5    N/A
 Eringya's Noxious Bog    Tmut/Pois      #.........   100%        6    N/A
 Freezing Cloud           Conj/Ice/Air   #.........   100%        6    N/A
 Hydra Form               Tmut           #.........   100%        6    N/A
 Invisibility             Hex            #.......     100%        6    N/A
 Ozocubu's Refrigeration  Ice            #.........   100%        6    N/A
 Shadow Creatures         Summ           N/A          100%        6    N/A
 Malign Gateway           Summ/Tloc      ###.......   100%        7    N/A
 Orb of Destruction       Conj           #.........   100%        7    N/A
 Spellforged Servitor     Conj/Summ      ###.......   100%        7    N/A
 Summon Hydra             Summ           ####......   100%        7    N/A
 Borgnjor's Revivificati  Necr           Unusable     N/A         8    N/A
 Death's Door             Chrm/Necr      Unusable     N/A         8    N/A
 Necromutation            Tmut/Necr      Unusable     N/A         8    N/A

Dungeon Overview and Level Annotations

Branches:
Dungeon (15/15)            Temple (1/1) D:6            Lair (6/6) D:9
 Shoals (4/4) Lair:2        Snake (4/4) Lair:4        Slime (0/5) Lair:6
    Orc (2/2) D:10            Elf (3/3) Orc:2        Vaults (0/5) D:14
 Depths (0/5) D:15          IceCv (visited)

Altars:
Ashenzari
Cheibriados
Dithmenos
Elyvilon
Fedhas
Gozag
Hepliaklqana
Kikubaaqudgha
Makhleb
Nemelex Xobeh
Okawaru
Qazlal
Ru
Sif Muna
Trog
Uskayaw
Vehumet
Wu Jian
Xom
Yredelemnul
Zin
The Shining One
Beogh
Jiyva

Shops:
D:5 (   D:15 =*![[   Orc:2 =?(!   Elf:2 ?=   Shoals:1 ?   Shoals:2 (
Snake:1 [[

Annotations:
D:5 Pikel
Shoals:2 2 transporters, hihot's ghost, adept DrVM


Innate Abilities, Weirdness & Mutations

You do not eat.
Your natural rate of healing is unusually fast.
You have razor-sharp teeth.
You have supernaturally acute eyesight. (SInv)
You can survive without breathing.


Message History

The water elemental engulfs the plant in water!
Blink to where?
Press: ? - help, Dir - move target cursor You are very lightly contaminated with residual magic.
As you read the scroll of blinking, it crumbles to dust.
You feel much better.
The merfolk impaler hits you with a +0 trident!
* * * LOW HITPOINT WARNING * * *
The water elemental hits you!
* * * LOW HITPOINT WARNING * * *
The merfolk impaler misses you.
A merfolk comes into view. It is wielding a +0 trident.
You feel much better.
The merfolk shouts!
The merfolk impaler hits you but does no damage.
The faun unwields a +0 hunting sling.
The faun wields a +0 spear.
You block the faun's attack.
The merfolk impaler hits you with a +0 trident!!
You die...
Kikubaaqudgha rasps: "You have failed me!
Welcome... death!"

≈≈≈≈.........≈≈≈
≈≈≈≈≈≈≈?.....≈....
≈≈≈≈≈≈≈≈≈..........
≈≈≈≈≈≈≈≈≈≈.(.....m.m
≈≈≈≈≈≈≈≈≈≈≈..#.≈....
≈≈≈≈≈≈≈≈≈≈()........
≈≈≈≈≈≈≈.(.(((.......
≈≈≈≈≈..(.Ec((.......
≈≈≈≈.....Em@.../....
≈≈≈≈......E(........
≈≈≈....§..........(P
≈≈≈....##P.........P
≈≈≈..PPP...##....P#P
≈≈≈≈.P##..## ....P#
≈≈≈≈.. ≈≈≈.


PP.cPP ≈≈≈≈.PP.... ...#.. ≈≈≈≈(P≈≈≈).. ≈≈P≈≈ You could see a merfolk impaler
(berserk), a merfolk, 2 fauns and 3 water elementals.

Vanquished Creatures
  Vashnia (Snake:2)
  Rupert (D:12)
  2 deep elf blademasters (Elf:3)
  4 deep elf master archers (Elf:3)
  A kraken (Shoals:2)
  11 nagarajas
  5 deep elf sorcerers
  A frost giant (IceCv)
  Louise (Snake:3)
  An orc warlord (Orc:1)
  3 deep elf elementalists (Elf:3)
  4 deep elf demonologists (Elf:3)
  A dire elephant (Lair:6)
  5 deep elf annihilators
  A merfolk javelineer (Shoals:2)
  Snorg (Orc:1)
  5 deep elf death magi
  2 merfolk impalers
  Josephine (Lair:4)
  Harold (D:9)
  A yaktaur captain (D:15)
  An ogre mage (D:14)
  10 hydras
  7 deep elf high priests (Elf:3)
  Erolcha (D:10)
  Fannar (Lair:3)
  33 naga warriors
  6 centaur warriors
  9 anacondas
  An alligator snapping turtle (Shoals:3)
  A catoblepas (D:13)
  A satyr (Shoals:3)
  2 death knights
  Erica (Lair:2)
  2 merfolk aquamancers
  A queen ant (Lair:3)
  2 tengu warriors (D:14)
  17 naga sharpshooters
  8 two-headed ogres
  2 orc high priests
  3 death yaks
  Urug (Lair:2)
  21 dancing weapons
  9 shock serpents
  A shock serpent (shapeshifter) (D:13)
  Nergalle (D:12)
  5 salamander mystics
  20 deep elf knights
  A skeletal warrior (D:11)
  11 sea snakes
  3 unseen horrors
  8 naga ritualists
  14 deep elf archers
  4 orc knights
  4 harpies (Shoals:2)
  7 mana vipers
  8 orc sorcerers
  61 deep elf magi
  6 ugly things
  3 cyclopes
  13 manticores
  7 fauns
  21 salamanders
  6 centaur zombies
  5 elephants
  5 merfolk sirens
  6 guardian serpents (Snake:4)
  Maurice (D:8)
  Joseph (D:7)
  3 gargoyles
  29 black mambas
  13 naga magi
  8 spiny frogs
  A water nymph (Shoals:2)
  An ice statue (IceCv)
  2 freezing wraiths
  2 kobold demonologists
  An anaconda simulacrum (Abyss:3)
  3 komodo dragons
  5 yaktaurs
  27 polar bears
  8 trolls
  A wind drake (Shoals:2)
  16 merfolk
  3 hornets
  2 raiju (Lair:6)
  A meliai zombie (D:13)
  8 dream sheep
  9 snapping turtles
  11 hippogriffs
  10 slime creatures
  4 water elementals
  2 wyverns
  11 wraiths
  63 yaks
  2 vampires
  4 basilisks
  3 fire elementals
  2 hungry ghosts
  10 vampire mosquitoes
  10 wargs
  Edmund (D:5)
  59 nagas
  4 acid dragons
  11 water moccasins
  15 hell hounds (Lair:6)
  2 soldier ants (Lair:3)
  4 porcupines
  43 orc warriors
  A swamp drake (D:11)
  6 ice beasts
  3 sky beasts
  3 phantoms
  4 slaves (D:4)
  16 black bears
  A necrophage (D:8)
  2 eyes of draining
  13 ogres
  43 wolves
  22 centaurs
  14 crocodiles
  Blork the orc (D:5)
  4 big kobolds
  A gnoll sergeant (D:2)
  18 bullfrogs
  4 earth elementals
  A wyvern skeleton (D:9)
  A water moccasin zombie (D:11)
  A scorpion (D:4)
  8 wights
  11 killer bees
  A howler monkey (D:6)
  5 crimson imps
  A bullfrog zombie (D:11)
  4 jellies
  4 hounds
  A quasit (D:12)
  3 centaur skeletons
  2 gnoll shamans
  32 orc priests
  47 orc wizards
  Crazy Yiuf (D:7)
  4 iguanas
  Ijyb (D:4)
  23 worker ants
  A hound skeleton (D:8)
  A howler monkey zombie (D:9)
  42 gnolls
  17 adders
  A river rat (D:11)
  5 shadow imps
  12 white imps
  2 adder zombies
  An adder skeleton (D:9)
  3 worms
  3 dart slugs
  7 leopard geckos
  114 orcs
  3 ball pythons
  2 giant cockroaches
  12 goblins
  9 hobgoblins
  27 jackals
  A quokka (D:11)
  7 bats
  7 frilled lizards
  17 kobolds
  A leopard gecko zombie (D:9)
  2 quokka skeletons (D:6)
  11 rats
  A fungus (Lair:6)
  A plant (Lair:6)
  4 tentacles (Shoals:2)
  A toadstool (D:1)
1451 creatures vanquished.

Vanquished Creatures (collateral kills)
  3 nagarajas (Snake:4)
  3 naga warriors
  2 naga sharpshooters (Snake:4)
  2 harpies (Shoals:2)
  3 fauns
  4 black mambas
  A naga mage (Snake:4)
  2 merfolk (Shoals:2)
  A wind drake (Shoals:2)
  3 dream sheep (Shoals:2)
  9 nagas
  2 centaurs (Shoals:2)
  A plant (Shoals:3)
36 creatures vanquished.

Vanquished Creatures (others)
  A naga warrior (Snake:2)
  A deep elf knight (Elf:1)
  A naga (Snake:3)
  An orc wizard (Orc:2)
  2 gnolls (Orc:2)
  26 fungi
  20 plants
  8 tentacles (Shoals:2)
  3 toadstools (D:1)
63 creatures vanquished.

Grand Total: 1550 creatures vanquished

Notes
Turn   | Place    | Note
-------+----------+-------------------------------------------
     0 | D:1      | AtlasWard the Vampire Monk began the quest for the Orb.
     0 | D:1      | Reached XP level 1. HP: 17/17 MP: 1/1
   136 | D:1      | Reached XP level 2. HP: 23/23 MP: 2/2
   848 | D:2      | Reached XP level 3. HP: 29/29 MP: 3/3
  1130 | D:2      | Reached XP level 4. HP: 20/35 MP: 4/4
  1563 | D:2      | Reached XP level 5. HP: 13/41 MP: 5/5
  2250 | D:3      | Reached skill level 5 in Short Blades
  2269 | D:3      | Reached skill level 5 in Stealth
  2538 | D:3      | Reached XP level 6. HP: 40/48 MP: 6/6
  3009 | D:3      | Reached skill level 1 in Spellcasting
  3422 | D:2      | Reached XP level 7. HP: 31/54 MP: 4/9
  3577 | D:3      | Reached skill level 5 in Dodging
  3889 | D:4      | Reached skill level 1 in Shields
  4517 | D:4      | Found an ornate altar of the Wu Jian Council.
  4640 | D:4      | Reached XP level 8. HP: 30/61 MP: 5/12
  5087 | D:5      | Entered Level 5 of the Dungeon
  5087 | D:5      | Noticed Edmund
  5118 | D:5      | Killed Edmund
  5162 | D:5      | Noticed Pikel
  5293 | D:5      | Found Oddaydia's Antique Weapon Shop.
  5293 | D:5      | Noticed Ijyb
  5385 | D:4      | Killed Ijyb
  5417 | D:4      | Reached skill level 5 in Fighting
  5746 | D:5      | Noticed a troll
  5779 | D:5      | Killed a troll
  5981 | D:5      | Noticed Blork the orc
  5993 | D:5      | Killed Blork the orc
  5993 | D:5      | Reached XP level 9. HP: 69/69 MP: 13/13
  6607 | D:6      | Identified the +8 short sword of Patterns {venom, Str+4}
  6962 | D:6      | Found a staircase to the Ecumenical Temple.
  6979 | Temple   | Entered the Ecumenical Temple
  7178 | Temple   | Became a worshipper of Kikubaaqudgha
  7178 | Temple   | Reached * piety under Kikubaaqudgha
  7178 | Temple   | Identified Kikubaaqudgha's Papyrus of Sinister Arts
                  | (Kikubaaqudgha gifted it to you in the Ecumenical Temple)
  7178 | Temple   | Received a gift from Kikubaaqudgha
  7178 | Temple   | Reached ** piety under Kikubaaqudgha
  7182 | Temple   | Learned a level 1 spell: Pain
  7186 | Temple   | Learned a level 3 spell: Vampiric Draining
  7298 | D:6      | Found a glowing golden altar of the Shining One.
  7298 | D:6      | Found a bloodstained altar of Trog.
  7303 | D:6      | Found a faded altar of an unknown god.
  7305 | D:6      | Found a faded altar of an unknown god.
  7307 | D:6      | Found a sacrificial altar of Ru.
  7355 | D:6      | Reached skill level 1 in Necromancy
  7787 | D:7      | Noticed Maggie
  7798 | D:7      | Noticed Maggie
  7798 | D:7      | Maggie changed into Maggie the porcupine
  7804 | D:7      | Killed Maggie the porcupine
  7851 | D:7      | Noticed Joseph
  7862 | D:7      | Killed Joseph
  7862 | D:7      | Reached skill level 10 in Short Blades
  7862 | D:7      | Reached skill level 2 in Necromancy
  7868 | D:7      | Found a stormy altar of Qazlal.
  7870 | D:7      | Found a blossoming altar of Fedhas.
  7881 | D:7      | You fall into a shaft and drop 2 floors!
  7881 | D:9      | Found a basalt altar of Yredelemnul.
  7908 | D:8      | Noticed Maurice
  8502 | D:7      | Found a runed translucent door.
  8503 | D:7      | Noticed Crazy Yiuf
  8630 | D:7      | Killed Crazy Yiuf
  8697 | D:8      | Reached skill level 3 in Necromancy
  8739 | D:8      | Killed Maurice
  8795 | D:8      | Reached XP level 10. HP: 56/61 MP: 12/14
  8916 | D:8      | Reached skill level 4 in Necromancy
  9465 | D:9      | Found a sparkling altar of Nemelex Xobeh.
  9531 | D:9      | Found a hazy altar of Hepliaklqana.
  9770 | D:9      | Noticed Harold
  9787 | D:10     | Entered Level 10 of the Dungeon
  9844 | D:8      | Reached skill level 5 in Necromancy
  9924 | D:9      | Killed Harold
  9924 | D:9      | Reached skill level 6 in Necromancy
  9999 | D:9      | Found a staircase to the Lair.
 10078 | D:9      | Noticed a two-headed ogre
 10091 | D:9      | Killed a two-headed ogre
 10091 | D:9      | Reached skill level 7 in Necromancy
 10247 | D:9      | Reached *** piety under Kikubaaqudgha
 10247 | D:9      | Identified Kikubaaqudgha's Guide on Necromancy
                  | (Kikubaaqudgha gifted it to you on level 9 of the Dungeon)
 10247 | D:9      | Received a gift from Kikubaaqudgha
 10281 | D:9      | Learned a level 4 spell: Dispel Undead
 10323 | D:9      | Reached XP level 11. HP: 87/87 MP: 15/15
 10375 | D:9      | Learned a level 5 spell: Excruciating Wounds
 10681 | D:10     | Noticed Erolcha
 10743 | D:10     | Noticed an unseen horror
 10760 | D:10     | Killed an unseen horror
 10760 | D:10     | Reached skill level 8 in Necromancy
 11041 | D:10     | Killed Erolcha
 11086 | D:10     | Noticed a two-headed ogre
 11095 | D:10     | Killed a two-headed ogre
 11176 | D:10     | Found a staircase to the Orcish Mines.
 11196 | D:10     | Reached skill level 10 in Fighting
 11232 | D:10     | Noticed a two-headed ogre
 11246 | D:10     | Killed a two-headed ogre
 11539 | Lair:1   | Entered Level 1 of the Lair of Beasts
 12199 | Lair:2   | Found a staircase to the Shoals.
 12294 | Lair:2   | Noticed a seven-headed hydra
 12351 | Lair:2   | Noticed Erica
 12634 | Lair:2   | Noticed a seven-headed hydra
 12655 | Lair:2   | Killed a seven-headed hydra
 12908 | Lair:2   | Noticed a seven-headed hydra
 12922 | Lair:2   | Killed a seven-headed hydra
 13022 | Lair:2   | Noticed Urug
 13483 | Lair:2   | Reached XP level 12. HP: 102/102 MP: 16/16
 13798 | Lair:1   | Killed a seven-headed hydra
 13972 | Lair:2   | Killed Erica
 14022 | Lair:2   | Reached **** piety under Kikubaaqudgha
 14339 | Lair:3   | Noticed a queen ant
 14364 | Lair:3   | Killed a queen ant
 14512 | Lair:3   | Noticed a six-headed hydra
 14521 | Lair:3   | Killed a six-headed hydra
 14727 | Lair:3   | Noticed Fannar
 14858 | Lair:3   | Killed Fannar
 15731 | Lair:4   | Noticed Josephine
 15933 | Lair:4   | Killed Josephine
 16127 | Lair:4   | Found a staircase to the Snake Pit.
 16292 | Lair:5   | Got a smelly scale mail
 16308 | Lair:4   | Identified the cursed +1 scale mail of Recamobro {Harm MR+
                  | Dex+7} (You found it on level 5 of the Lair of Beasts)
 16376 | Lair:5   | Noticed a four-headed hydra
 16377 | Lair:5   | Noticed a seven-headed hydra
 16377 | Lair:5   | Noticed a four-headed hydra
 16397 | Lair:5   | Killed a seven-headed hydra
 16537 | Lair:5   | Killed a four-headed hydra
 16682 | Lair:5   | Killed a one-headed hydra
 16884 | Lair:5   | Reached XP level 13. HP: 89/91 MP: 14/17
 17109 | Lair:5   | Reached skill level 15 in Fighting
 17887 | Lair:6   | Entered Level 6 of the Lair of Beasts
 17970 | Lair:6   | Reached ***** piety under Kikubaaqudgha
 17985 | Lair:6   | Reached skill level 1 in Armour
 18385 | Lair:6   | Found a viscous altar of Jiyva.
 18386 | Lair:6   | Found a staircase to the Slime Pits.
 19615 | Lair:6   | Noticed a dire elephant
 19655 | Lair:6   | Killed a dire elephant
 19799 | Lair:6   | Reached skill level 9 in Necromancy
 20615 | D:5      | Bought a pitted long sword for 255 gold pieces
 20615 | D:5      | Bought a smouldering scimitar for 270 gold pieces
 20616 | D:5      | Identified the cursed +1 long sword "Fuhotwis" {antimagic,
                  | rF+ rC+} (You bought it in a shop on level 5 of the
                  | Dungeon)
 20627 | D:5      | Identified the +8 scimitar of Unpleasantness {distort,
                  | Fragile Str+6} (You bought it in a shop on level 5 of the
                  | Dungeon)
 20797 | D:10     | Reached XP level 14. HP: 113/123 MP: 18/21
 21295 | D:11     | Reached ****** piety under Kikubaaqudgha
 21313 | D:11     | Reached skill level 5 in Spellcasting
 23591 | D:12     | Reached skill level 10 in Necromancy
 24041 | D:12     | Noticed Rupert
 24043 | D:12     | Noticed Nergalle
 24900 | D:13     | Reached skill level 5 in Armour
 26369 | D:13     | Reached skill level 11 in Necromancy
 26552 | D:14     | Found a roughly hewn altar of Beogh.
 26931 | D:14     | Reached XP level 15. HP: 81/132 MP: 10/22
 27662 | D:14     | Found a gate to the Vaults.
 27755 | D:15     | Entered Level 15 of the Dungeon
 27793 | D:15     | Found Quapp's Antique Armour Emporium.
 27801 | D:15     | Bought a glowing buckler for 240 gold pieces
 27949 | D:15     | Found Pocs's Distillery.
 27954 | D:15     | Bought a potion of haste for 130 gold pieces
 27954 | D:15     | Bought a potion of heal wounds for 65 gold pieces
 27954 | D:15     | Bought a potion of haste for 130 gold pieces
 27954 | D:15     | Bought a potion of cancellation for 104 gold pieces
 28188 | D:15     | Reached skill level 1 in Long Blades
 28295 | D:15     | Found Fyafytes's Jewellery Boutique.
 28307 | D:15     | Found Tiefia's General Store.
 28315 | D:15     | Bought a scroll of teleportation for 57 gold pieces
 28394 | D:15     | Reached skill level 12 in Necromancy
 28615 | D:15     | Found Xucsoim's Antique Armour Shoppe.
 28703 | D:15     | Found a staircase to the Depths.
 28846 | D:12     | Killed Rupert
 28871 | D:12     | Killed Nergalle
 29296 | Lair:2   | Killed Urug
 29302 | Lair:2   | Learned a level 2 spell: Sublimation of Blood
 29452 | Orc:1    | Entered Level 1 of the Orcish Mines
 29795 | Orc:2    | Entered Level 2 of the Orcish Mines
 29831 | Orc:2    | Found a staircase to the Elven Halls.
 29839 | Orc:2    | Found a frozen archway.
 29855 | Orc:2    | Noticed an orc warlord
 29858 | IceCv    | Entered an ice cave
 31180 | IceCv    | Noticed a frost giant
 31363 | IceCv    | Killed a frost giant
 31376 | IceCv    | Got a jewelled short sword
 31385 | IceCv    | Identified the +5 short sword of Ecuclu {protect, rElec
                  | Int+2 Dex+3} (You found it in an ice cave)
 31400 | IceCv    | Got a pair of ichor-stained boots
 31402 | IceCv    | Got a fine steel ring
 31409 | IceCv    | Identified the +0 pair of boots "Meilossoiqa" {*Corrode
                  | Str+10 Dex-4 Stlth+} (You found it in an ice cave)
 31410 | IceCv    | Identified the ring "Ysohotum" {Str+2 Slay+4} (You found it
                  | in an ice cave)
 31593 | Orc:1    | Noticed Snorg
 31615 | Orc:1    | Reached skill level 5 in Long Blades
 31627 | Orc:1    | Killed Snorg
 31627 | Orc:1    | Reached skill level 13 in Necromancy
 32482 | Orc:1    | Killed an orc warlord
 32588 | Orc:2    | Reached XP level 16. HP: 102/141 MP: 15/23
 33650 | Orc:2    | Found Wejantul's Magic Scroll Boutique.
 33651 | Orc:2    | Found Ydastre's Jewellery Boutique.
 33652 | Orc:2    | Found Acagaufi's Weapon Shop.
 33656 | Orc:2    | Found Pooc's Distillery.
 33658 | Orc:2    | Bought a scroll of teleportation for 30 gold pieces
 33658 | Orc:2    | Bought a scroll of teleportation for 30 gold pieces
 33659 | Orc:2    | Bought a potion of resistance for 130 gold pieces
 33809 | Orc:2    | Bought a potion of heal wounds for 65 gold pieces
 33809 | Orc:2    | Bought a potion of cancellation for 104 gold pieces
 33809 | Orc:2    | Bought 2 potions of heal wounds for 130 gold pieces
 33845 | Elf:1    | Entered Level 1 of the Elven Halls
 35091 | Elf:1    | Reached skill level 14 in Necromancy
 36531 | Elf:1    | Reached skill level 15 in Necromancy
 36692 | Elf:1    | Learned a level 5 spell: Agony
 36727 | Elf:2    | Found Beinnip's Magic Scroll Boutique.
 36730 | Elf:2    | Bought a scroll of teleportation for 42 gold pieces
 36730 | Elf:2    | Bought a scroll of teleportation for 42 gold pieces
 36730 | Elf:2    | Bought a scroll of magic mapping for 49 gold pieces
 36730 | Elf:2    | Bought a scroll of identify for 28 gold pieces
 36979 | Elf:2    | Found a runed translucent gate.
 36981 | Elf:2    | Found a runed translucent gate.
 36984 | Elf:2    | Found a runed translucent gate.
 37278 | Elf:2    | Found Xikhu's Jewellery Emporium.
 37352 | Elf:2    | Reached skill level 16 in Necromancy
 37776 | Elf:2    | Reached XP level 17. HP: 139/149 MP: 22/24
 38442 | Elf:2    | Reached skill level 17 in Necromancy
 38684 | Elf:3    | Entered Level 3 of the Elven Halls
 40111 | Elf:3    | Noticed a deep elf blademaster
 40113 | Elf:3    | Noticed a deep elf blademaster
 40134 | Elf:3    | Killed a deep elf blademaster
 40139 | Elf:3    | Killed a deep elf blademaster
 40139 | Elf:3    | Reached skill level 18 in Necromancy
 40356 | Elf:3    | Noticed a Hell Sentinel
 40635 | Elf:3    | Identified the +2 kite shield "Iczoxke" {Int+2}
 40788 | Elf:3    | Noticed a deep elf master archer
 40799 | Elf:3    | Killed a deep elf master archer
 40938 | Elf:3    | Noticed a deep elf master archer
 41284 | Elf:3    | Learned a level 2 spell: Corpse Rot
 41348 | Elf:3    | Noticed a deep elf master archer
 41365 | Elf:3    | Killed a deep elf master archer
 41669 | Elf:3    | Noticed a deep elf master archer
 42509 | Elf:3    | Killed a deep elf master archer
 42509 | Elf:3    | Reached skill level 5 in Shields
 42509 | Elf:3    | Reached skill level 19 in Necromancy
 43349 | Elf:3    | Killed a deep elf master archer
 43360 | Elf:3    | Reached XP level 18. HP: 110/157 MP: 19/25
 43467 | Elf:3    | Identified Zuw Idu's Disquisition on Dislocation and
                  | Poisoning
 43890 | Lair:4   | Received a gift from Kikubaaqudgha
 43899 | Lair:4   | Learned a level 5 spell: Summon Demon
 43903 | Snake:1  | Entered Level 1 of the Snake Pit
 44176 | Snake:1  | Found Qaas's Armour Shoppe.
 44178 | Snake:1  | Found Fuibue Ulio's Armour Emporium.
 44198 | Snake:1  | Bought a +0 helmet of intelligence for 195 gold pieces
 44468 | Elf:2    | Bought the ring "Nehaimni" {rPois rF+++ rN++ Dex-3 SInv}
                  | for 1046 gold pieces
 44661 | D:15     | Bought a fading scale mail for 207 gold pieces
 44661 | D:15     | Bought a smoking buckler for 218 gold pieces
 44663 | D:15     | Identified the cursed +1 scale mail "Ittivoss" {Harm *Slow
                  | rElec Str+5} (You bought it in a shop on level 15 of the
                  | Dungeon)
 44664 | D:15     | Identified the +1 buckler of the Rose {Harm *Slow Dex+4}
                  | (You bought it in a shop on level 15 of the Dungeon)
 45060 | Snake:1  | Reached skill level 1 in Summonings
 45976 | Snake:1  | Got a spiked plate armour
 45977 | Snake:1  | Identified the cursed +0 plate armour "Myrith" {rF+ rN+
                  | Int+4} (You found it on level 1 of the Snake Pit)
 46064 | Snake:1  | You fall into a shaft and drop 1 floor!
 46064 | Snake:2  | Noticed Vashnia
 48125 | Snake:2  | Cast into level 3 of the Abyss (Vashnia)
 48233 | Snake:2  | Escaped the Abyss
 48301 | Snake:2  | Killed Vashnia
 49509 | Snake:2  | Identified Acuwn's Almanac of Scorching Creation
 49521 | Snake:2  | Learned a level 4 spell: Animate Dead
 50680 | Snake:3  | Noticed Louise
 50728 | Snake:3  | Killed Louise
 51331 | Snake:3  | Identified the Papyrus of Battle Magic
 51553 | Snake:4  | Entered Level 4 of the Snake Pit
 52232 | Snake:4  | Reached XP level 19. HP: 139/164 MP: 24/28
 52320 | Snake:4  | Found an iron altar of Okawaru.
 52325 | Snake:4  | Identified the Collected Works on Creation and the Blaze
 52805 | Snake:3  | HP: 8/164 [poisoned by a nagaraja (poison arrow)]
 52810 | Snake:3  | HP: 8/164 [poisoned by a nagaraja (poison arrow)]
 52815 | Snake:3  | HP: 8/164 [poisoned by a nagaraja (poison arrow)]
 53468 | Snake:4  | Reached skill level 5 in Summonings
 54395 | Snake:4  | Reached skill level 10 in Dodging
 55587 | Snake:4  | Reached skill level 20 in Necromancy
 56310 | Snake:4  | Got a serpentine rune of Zot
 56704 | Shoals:1 | Entered Level 1 of the Shoals
 56773 | Shoals:1 | Got a slimy rapier
 56774 | Shoals:1 | Identified the +4 rapier of Big Damage {flame, Dex+3} (You
                  | found it on level 1 of the Shoals)
 56791 | Shoals:1 | Found Julynkoc's Magic Scroll Shop.
 56887 | Shoals:1 | Got a warped plate armour
 56904 | Shoals:1 | Identified the +6 plate armour of the Elephant {Regen+
                  | Stlth+} (You found it on level 1 of the Shoals)
 57774 | Shoals:2 | Found a transporter.
 57884 | Shoals:2 | Found a transporter.
 57889 | Shoals:2 | Noticed hihot's ghost (adept DrVM)
 57902 | Shoals:2 | Found Jagedysm's Antique Weapon Emporium.
 58918 | Shoals:3 | Reached XP level 20. HP: 116/172 MP: 22/32
 59051 | Shoals:3 | Identified a scroll of acquirement
 59388 | Shoals:4 | Entered Level 4 of the Shoals
 59844 | Shoals:4 | HP: 8/172 [merfolk impaler/+0 trident (29)]
 59847 | Shoals:4 | Slain by a merfolk impaler

Illustrated notes

Levels and vault maps discovered:
D:1:      ldierk_water_garden, layout_basic
D:2:      layout_basic, minmay_fractal_squares_gapless_5
D:3:      lemuel_castle_with_subvaults [lemuel_castle_interior_carwin_3],
          layout_loops_cross, first_ration
D:4:      layout_loops_corners, lemuel_statue_altar
D:5:      layout_loops_ring, serial_shops, shop, grunt_ministairs_12,
          uniq_edmund, uniq_ijyb, uniq_pikel, uniq_blork_the_orc
D:6:      layout_loops_ring, chequers_temple_overflow_minitemple,
          minmay_temple_entry_antechambers, corexii_hall_statues_i
D:7:      layout_basic, grunt_temple_overflow_forces_of_nature,
          uniq_crazy_yiuf_cottage, uniq_joseph, uniq_maggie
D:8:      layout_loops_ring, hangedman_pestilent_swarm, uniq_maurice
D:9:      layout_basic, overflow_temple_1_default, overflow_temple_1_default,
          overflow_temple_1_default, lair_entry_dummy, uniq_harold
D:10:     layout_roguey, david_orc_2, uniq_erolcha, uniq_grum
D:11:     layout_grid_maze, pond
D:12:     layout_gridville, dk_noncrumbling_3, ebering_dispersal_statue_hall,
          uniq_rupert, uniq_nergalle
D:13:     layout_cave_pods, minmay_librarian
D:14:     layout_roguey [special_room_orc],
          hangedman_vaults_entry_quadrant_bands, chequers_serial_rivers_micro_a,
          nicolae_twisting_strands, serial_park_tiny_pond, kennysheep_two_boxes
D:15:     grunt_enter_depths_snipers, layout_rooms, serial_shops,
          nicolae_shop_behind_doors, shop_fountains, shop, nicolae_shop_stone,
          nicolae_shop_crystal, chequers_jeans, hex_intersection
Temple:   eino_narrow_crystal_temple
Lair:1:   layout_cave_pods, serial_bayou_crossing, infiniplex_staircase_pool_2,
          grunt_megastairs_5, serial_bayou_shore_b
Lair:2:   layout_layer_cave, shoals_dummy_entry, uniq_erica, uniq_urug
Lair:3:   layout_cave_shapes, minmay_another_anthill, uniq_fannar
Lair:4:   layout_cave_pods, dummy_snake_entry, minivault_23, uniq_josephine
Lair:5:   layout_roguey, minivault_11, bh_chokoban, beast_lair_carwin_9
Lair:6:   hangedman_lair_caniforms_friends, layout_loops_ring, slime_altar_1
Shoals:1: layout_shoals, serial_shops, shop
Shoals:2: layout_shoals, serial_shops, nicolae_shop_crystal,
          gammafunk_ghost_berserking_beasts
Shoals:3: layout_shoals
Shoals:4: shoals_end_grunt_garden, layout_shoals
Snake:1:  layout_chambers, lemuel_fruit_tree, minmay_shoptagon,
          grunt_megastairs_2
Snake:2:  layout_gridlike, library_closet, serial_bayou_shore_a, uniq_vashnia
Snake:3:  cheibrodos_snake_lava_hold, layout_misc_corridors, uniq_louise
Snake:4:  grunt_snake_rune_spirals, layout_onion, basic_altar
Orc:1:    cheibrodos_orc_arena, layout_caves, uniq_snorg
Orc:2:    st_orc_mages, layout_caves, portal_ice_cave_entry_imps
Elf:1:    minmay_elf_arrival_plus, layout_gridlike, hangedman_elf_represent,
          hangedman_elven_pyramids
Elf:2:    layout_geoelf_octagon, serial_shops, shop_statue, shop
Elf:3:    minmay_elf_hall_not_hex, layout_geoelf_octagon

Skill      XL: |  1  2  3  4  5  6  7  8  9 10 11 12 13 14 15 16 17 18 19 |
---------------+----------------------------------------------------------+-----
Fighting       | 3 4 5 6 8 12 14 15 16 17 18 | 18.8
Short Blades   | 4 5 6 7 9 11 12 | 12.4
Stealth        | 4 5 8 |  8.0
Dodging        | 4 5 6 8 9 10 | 10.0
Spellcasting   | 1 2 3 4 5 6 8 |  8.0
Shields        | 1 3 4 6 7 9 |  9.3
Necromancy     | 3 7 8 9 11 13 16 19 20 | 20.0
Armour         | 3 6 |  6.0
Long Blades    | 5 6 8 9 |  9.7
Summonings     | 4 7 |  7.5

Action                   |  1- 3 |  4- 6 |  7- 9 | 10-12 | 13-15 | 16-18 | 19-21 || total
-------------------------+-------+-------+-------+-------+-------+-------+-------++-------
Melee: Short sword       |   133 |   333 |   513 |   727 |  2352 |  1958 |   686 ||  6702
       Bite              |    15 |    34 |    70 |    94 |   504 |   355 |   233 ||  1305
       Scimitar          |       |       |       |     6 |    36 |       |       ||    42
       Rapier            |       |       |       |       |       |       |   511 ||   511
 Cast: Vampiric Draining |       |       |       |       |     5 |     5 |    17 ||    27
       Agony             |       |       |       |       |       |     2 |       ||     2
       Pain              |       |       |       |       |       |     1 |       ||     1
       Corpse Rot        |       |       |       |       |       |     1 |       ||     1
       Animate Dead      |       |       |       |       |       |     7 |    24 ||    31
Invok: Receive Necronomi |       |       |       |       |       |     1 |       ||     1
       Receive Corpses   |       |       |       |       |       |       |     2 ||     2
 Abil: Exsanguinate      |       |       |     1 |     3 |     2 |     2 |       ||     8
       Revivify          |       |       |       |     3 |     3 |     1 |       ||     7
Evoke: Wand              |       |       |     5 |     9 |       |     4 |       ||    18
  Use: Scroll            |       |     5 |     5 |     3 |    29 |     9 |     5 ||    56
       Potion            |       |       |       |       |       |     3 |     2 ||     5
 Stab: Sleeping          |     8 |    12 |    14 |    19 |    20 |     5 |       ||    78
       Distracted        |       |       |     2 |     1 |     3 |     2 |     3 ||    11
       Confused          |       |       |       |       |     3 |       |       ||     3
Armor: Robe              |    20 |    30 |       |       |       |       |       ||    50
       Ring mail         |       |       |    63 |   102 |       |       |       ||   165
       Scale mail        |       |       |       |    16 |   384 |    83 |       ||   483
       Plate armour      |       |       |       |       |       |   501 |   431 ||   932
Dodge: Dodged            |   105 |   201 |   158 |   389 |  1249 |   564 |   380 ||  3046
Block: Buckler           |       |       |    61 |   127 |   532 |   480 |   309 ||  1509
       Rpst.: Scimitar   |       |       |       |       |     6 |       |       ||     6

Table legend:
 A = Non-vault XP
 B = Vault XP
 C = Vault XP percentage of total XP
 D = Non-vault monster count
 E = Vault monster count
 F = Vault count percentage of total count
                 A         B        C        D         E       F
            +---------+---------+-------+---------+---------+-------
      Total |  259733 |  225478 |  46.5 |     930 |     546 |  37.0
            +---------+---------+-------+---------+---------+-------
        D:1 |      37 |       0 |   0.0 |      26 |       0 |   0.0
        D:2 |     124 |     162 |  56.6 |      28 |       7 |  20.0
        D:3 |     172 |     527 |  75.4 |      31 |      47 |  60.3
        D:4 |     873 |      38 |   4.2 |      34 |       2 |   5.6
        D:5 |     889 |     275 |  23.6 |      16 |       3 |  15.8
        D:6 |     636 |       0 |   0.0 |      20 |       0 |   0.0
        D:7 |     177 |     629 |  78.0 |       8 |       3 |  27.3
        D:8 |     978 |    1067 |  52.2 |       8 |       5 |  38.5
        D:9 |    4436 |    1065 |  19.4 |      36 |       1 |   2.7
       D:10 |    6382 |    1269 |  16.6 |      33 |      10 |  23.3
       D:11 |    9027 |     459 |   4.8 |      57 |       5 |   8.1
       D:12 |   10048 |    3787 |  27.4 |      52 |       2 |   3.7
       D:13 |   12778 |     554 |   4.2 |      60 |       1 |   1.6
       D:14 |    7228 |    9643 |  57.2 |      20 |      47 |  70.1
       D:15 |    6734 |    2336 |  25.8 |      16 |       3 |  15.8
     Lair:1 |    1752 |     420 |  19.3 |       4 |       2 |  33.3
     Lair:2 |    5073 |    1763 |  25.8 |      21 |       2 |   8.7
     Lair:3 |    1975 |    2688 |  57.6 |       7 |      18 |  72.0
     Lair:4 |    2319 |    1897 |  45.0 |      14 |       5 |  26.3
     Lair:5 |    8169 |    1469 |  15.2 |      22 |       4 |  15.4
     Lair:6 |    9893 |   10602 |  51.7 |      38 |      56 |  59.6
   Shoals:1 |    5979 |       0 |   0.0 |      12 |       0 |   0.0
   Shoals:2 |   18435 |       0 |   0.0 |      42 |       0 |   0.0
   Shoals:3 |   10286 |    3676 |  26.3 |      22 |       6 |  21.4
   Shoals:4 |    2144 |       0 |   0.0 |       4 |       0 |   0.0
    Snake:1 |   18884 |    4981 |  20.9 |      35 |       8 |  18.6
    Snake:2 |   15661 |    5415 |  25.7 |      27 |       2 |   6.9
    Snake:3 |   23493 |    7864 |  25.1 |      40 |      12 |  23.1
    Snake:4 |   16850 |   59452 |  77.9 |      36 |      92 |  71.9
      Orc:1 |    4813 |    4113 |  46.1 |      50 |      31 |  38.3
      Orc:2 |    6014 |    4773 |  44.2 |      28 |      45 |  61.6
      Elf:1 |   26806 |    7653 |  22.2 |      45 |      10 |  18.2
      Elf:2 |   12412 |   24525 |  66.4 |      23 |      31 |  57.4
      Elf:3 |    7919 |   48735 |  86.0 |      14 |      32 |  69.6
    Abyss:3 |     337 |       0 |   0.0 |       1 |       0 |   0.0
      IceCv |       0 |   13641 | 100.0 |       0 |      54 | 100.0
            +---------+---------+-------+---------+---------+-------
